 Dungeon Crawl Stone Soup version 0.16.1-2-g95b8d4c (webtiles) character file.

74 Lordman the Conjurer (level 4, -8/24 HPs)
             Began as a Gargoyle Wizard on Mar 27, 2015.
             Mangled by a gnoll
             ... wielding a +0 halberd
              (11 damage)
             ... on level 2 of the Dungeon.
             The game lasted 00:07:16 (1639 turns).

Lordman the Conjurer (Gargoyle Wizard)              Turns: 1639, Time: 00:07:17

Health: -8/24      AC:  5    Str: 10    XL:     4   Next: 28%
Magic:  3/9        EV: 11    Int: 20    God:
Gold:   64         SH:  0    Dex:  8    Spells: 2 memorised, 6 levels left

rFire  . . .     SeeInvis .     n - +0 short sword
rCold  . . .     Clarity  .     a - +0 robe
rNeg   + . .     SustAb   .     (no shield)
rPois  ∞         Gourm    .     b - +0 hat
rElec  +         Spirit   .     (no cloak)
rCorr  .         Warding  .     (no gloves)
rMut   .         Stasis   .     (no boots)
MR     .....                    (no amulet)
Stlth  ++........               (no ring)
                                l - ring of teleport control

@: very slightly contaminated, not resistant to hostile enchantments, unstealthy
A: negative energy resistance 1, electricity resistance, unbreathing,
petrification resistance, rot immunity, AC +3
a: Evoke Teleport Control


You were on level 2 of the Dungeon.
You were very hungry.

You visited 1 branch of the dungeon, and saw 2 of its levels.

You collected 64 gold pieces.

Inventory:

Hand weapons
 g - a +0 dagger
 n - a +0 short sword (weapon)
Armour
 a - a +0 robe (worn)
 b - a +0 hat (worn)
Jewellery
 l - a ring of teleport control (left hand)
 u - an uncursed ring of positive energy {unknown}
Scrolls
 f - a scroll of enchant armour {unknown}
 m - a scroll of magic mapping {unknown}
 p - a scroll of teleportation {unknown}
 q - a scroll of fog {unknown}
 r - a scroll of immolation {unknown}
 s - a scroll of noise {unknown}
Potions
 e - a potion of flight {unknown}
 i - 2 potions of might {unknown}
 j - a potion of brilliance {unknown}
 k - a potion of heal wounds {unknown}
 o - a potion of restore abilities {unknown}
Books
 c - a book of Minor Magic

   Spells                             Type                      Level
   a - Magic Dart                     Conjuration                  1
   b - Blink                          Translocation                2
   c - Call Imp                       Summoning                    2
   d - Repel Missiles                 Charms/Air                   2
   e - Slow                           Hexes                        2
   f - Conjure Flame                  Conjuration/Fire             3
   g - Mephitic Cloud                 Conjuration/Poison/Air       3
Comestibles
 d - 2 bread rations
 h - 2 meat rations


   Skills:
 - Level 1.5 Dodging
 - Level 2.1 Stealth
 - Level 3.0 Spellcasting
 * Level 4.3 Conjurations
   Level 0.8 Summonings
 - Level 0.8 Translocations


You had 6 spell levels left.
You knew the following spells:

 Your Spells              Type           Power        Failure   Level  Hunger
a - Magic Dart            Conj           ###.         2%          1    None
b - Blink                 Tloc           N/A          17%         2    ##.....


Dungeon Overview and Level Annotations

Branches:
Dungeon (2/15)

Altars:


Innate Abilities, Weirdness & Mutations

You are resistant to torment.
You are immune to poison.
Your stone body is very resilient (AC +3).
You resist negative energy.
You are resistant to electric shocks.
You can survive without breathing.
You are immune to petrification.
You are immune to rotting.


Message History

Confirm with . or Enter, or press ? or * to list all spells.
Aiming: Magic Dart
Press: ? - help, Shift-Dir - straight line, f/p - gnoll
Aim: a gnoll (almost dead)
You miscast Magic Dart.
The air around you crackles with energy!
The gnoll hits you.
Casting: Magic Dart
Confirm with . or Enter, or press ? or * to list all spells.
Aiming: Magic Dart
Press: ? - help, Shift-Dir - straight line, f/p - gnoll
Aim: a gnoll (almost dead)
The magic dart hits the gnoll.
You kill the gnoll!
The gnoll hits you from afar with a halberd!
* * * LOW HITPOINT WARNING * * *
You are feeling very hungry.
There is a stone staircase leading up here.
The gnoll hits you from afar with a halberd!
You die...

.. #....#.#
#.#.######## ..
#....#.# #.#.# ..#
#....#.###.#..
..#.###....#.....#..
....................
..#.###..........#..
..#.# #...######.#
#.#.# #...# #.#
#.#.# #...######@#
..#.# ##......g..#
..#.#######......#
.................#
#.#.#######......#
#.#.# #......# #.#g#
#......# #.#.###
######## #.....#


You could see a gnoll.

Vanquished Creatures
  3 gnolls (D:2)
  An adder (D:2)
  3 giant geckos (D:1)
  An ooze (D:2)
  2 ball pythons (D:1)
  3 bats (D:1)
  2 giant cockroaches (D:1)
  4 goblins
  4 hobgoblins
  A giant newt (D:1)
  2 kobolds
  4 rats
30 creatures vanquished.

Notes
Turn   | Place    | Note
--------------------------------------------------------------
     0 | D:1      | Lordman, the Gargoyle Wizard, began the quest for the Orb.
     0 | D:1      | Reached XP level 1. HP: 10/10 MP: 4/4
   245 | D:1      | Reached XP level 2. HP: 12/15 MP: 0/6
   307 | D:1      | Learned a level 2 spell: Blink
   949 | D:1      | Reached XP level 3. HP: 19/19 MP: 3/7
  1532 | D:2      | Reached skill level 4 in Conjurations
  1580 | D:2      | Reached XP level 4. HP: 24/24 MP: 5/9
  1613 | D:2      | HP: 1/24 [gnoll/halberd (9)]
  1639 | D:2      | Mangled by a gnoll

Action                   |  1- 3 |  4- 6 || total
-------------------------+-------+-------++-------
Melee: Unarmed           |     2 |       ||     2
       Short sword       |    11 |       ||    11
 Cast: Magic Dart        |    80 |     7 ||    87
  Eat: Chunk             |     1 |       ||     1
